AoeStats
← HR Pinkman

Black Forest

508137667Analyzed
4v4 RM · 11d ago on Sep 21, 2026· 10m 14s· 8 players
Game mode
Random Map
Map size
Large (8 player)
Population
200
Speed
Normal
Resources
Standard
Victory
Conquest
Starting age
Dark Age
Ending age
Imperial Age
RankedLock teamsTeams togetherTeam positionsShared explorationLock speedFull tech treeHidden civsTurbo modeCheats
Victory
Defeat
🇨🇷 Saracens · Costa Rica
1758
+17
🇨🇷 Wei · Costa Rica
1758
+17
🇨🇷 Huns · Costa Rica
1614
+22
🇨🇷 Sicilians · Costa Rica
1613
+22
🇨🇱 Lithuanians · Chile
1826
-21
🇨🇱 Persians · Chile
1820
-22
🇨🇱 Mapuche · Chile
1780
-20
🇨🇱 Bulgarians · Chile
1644
-15
HR | Darkjosh89
HR itu
0:43 Loom
HR Pinkman
0:51 Loom
neromelnick
10:48 Feudal Age
CR | El Dani
12:22 Feudal Age
Learning :)
7:47 Loom
10:33 Feudal Age
John II
1:51 Loom
11:41 Feudal Age
CR | Domador de Puercas
0:40 Loom
Connection lost

Rejoining the realm…

Still unreachable

The connection could not be restored.

Session expired

The server has moved on; the page needs a fresh start.